 Dungeon Crawl Stone Soup version 0.22-a0-398-g8bb545f (webtiles) character file.

970 Moseywalk the Chopper (level 7, -10/62 HPs)
             Began as a Minotaur Gladiator on May 4, 2018.
             Killed by divine providence
             ... invoked by an orc priest
              (14 damage)
             ... on level 4 of the Dungeon.
             The game lasted 00:47:55 (4548 turns).

Moseywalk the Chopper (Minotaur Gladiator)          Turns: 4548, Time: 00:47:56

Health: -10/62     AC:  6    Str: 21    XL:     7   Next: 94%
Magic:  6/6        EV: 12    Int:  5    God:
Gold:   157        SH:  0    Dex: 11    Spells: 6/6 levels left

rFire    . . .     SeeInvis .   t - +0 flail (protect)
rCold    . . .     Gourm    .   (no shield)
rNeg     . . .     Faith    .   k - +0 scale mail
rPois    .         Spirit   .   c - +0 hat
rElec    .         Reflect  .   (no cloak)
rCorr    +         Harm     .   (no gloves)
MR       .....                  (no boots)
Stlth    ..........             (no amulet)
HPRegen  0.20/turn              p - ring of resist corrosion
MPRegen  0.10/turn              (no ring)

@: no status effects
A: retaliatory headbutt, horns 2
a: no special abilities


You were on level 4 of the Dungeon.
You were very hungry.

You visited 1 branch of the dungeon, and saw 4 of its levels.

You collected 157 gold pieces.

Inventory:

Hand Weapons
 a - a +0 war axe
 e - a +0 giant club
 t - a +0 flail of protection (weapon)
 u - a +2 halberd of flaming
Missiles
 h - 75 arrows
 l - 48 stones (quivered)
 q - 6 tomahawks
 y - 5 javelins of returning
Armour
 b - a +0 leather armour
 c - a +0 hat (worn)
 j - a +0 ring mail
 k - a +0 scale mail (worn)
 s - a cursed +0 ring mail
 v - a +0 chain mail
Jewellery
 p - a ring of resist corrosion (left hand)
Wands
 i - a wand of digging (17)
Scrolls
 n - 2 scrolls of fog
Potions
 g - a potion of invisibility {unknown}
 m - a potion of mutation
 o - 2 potions of heal wounds {unknown}
 w - a potion of curing {unknown}
 x - a potion of flight {unknown}
Comestibles
 f - 6 rations


   Skills:
 + Level 5.9 Fighting
 + Level 6.5 Axes
 + Level 4.9 Throwing
 + Level 6.0 Dodging


You had 6 spell levels left.
You didn't know any spells.

Dungeon Overview and Level Annotations

Branches:
Dungeon (4/15)             Temple (0/1) D:4

Altars:
Cheibriados
Dithmenos

Annotations:
D:3 1 exclusion


Innate Abilities, Weirdness & Mutations

You reflexively headbutt those who attack you in melee.
You have a pair of horns on your head.


Message History

You start resting.
An orc priest is nearby!
An orc priest is nearby!
You start resting.
You completely miss the orc priest. Your headbutt misses the orc priest.
The orc priest closely misses you.
That item cannot be evoked!
That item cannot be evoked!
Unknown command.
That item cannot be evoked!
You closely miss the orc priest.
You headbutt the orc priest, but do no damage.
The orc priest hits you with a flail of protection.
* * * LOW HITPOINT WARNING * * *
The orc priest calls down the wrath of Beogh upon you.
Beogh smites you!
* * * LOW HITPOINT WARNING * * *
The orc priest calls down the wrath of Beogh upon you.
Beogh smites you!
You die...

..# #..... #.# #..... . #.# #....
##. #.# ### #. #..## ... ... ..#
#. #.... #.# #.# #.# .## ##.##
#.# #.# #.# ..# ##'## #.# #.###.#
#####.##### ##.>.# #.###..##.#
#@........###..... #.##.#.##.#
#.###)###.##......
.##.........####o##.).##.#.......
o'......)...o..†....)....'.......
o####....#######.##...##.#.......
##...# #.........##...... ##.##
#####.#######..... #.# #.# ##...#
#.# #.# ##'##


You could see an orc priest.

Vanquished Creatures
  Sigmund (D:3)
  2 ogres
  A scorpion (D:4)
  3 orc priests
  4 orc wizards
  A bullfrog skeleton (D:4)
  Ijyb (D:3)
  An iguana (D:4)
  Natasha (twice) (D:3)
  2 worker ants (D:4)
  4 gnolls (D:4)
  8 adders
  2 worms
  3 dart slugs
  3 leopard geckos
  15 orcs
  10 bats
  3 giant cockroaches (D:3)
  8 goblins
  8 hobgoblins
  3 ball pythons
  6 frilled lizards
  10 kobolds
  A leopard gecko skeleton (D:4)
  2 rats (D:1)
104 creatures vanquished.

Notes
Turn   | Place    | Note
-------+----------+-------------------------------------------
     0 | D:1      | Moseywalk the Minotaur Gladiator began the quest for the Orb.
     0 | D:1      | Reached XP level 1. HP: 18/18 MP: 0/0
   198 | D:1      | Reached XP level 2. HP: 16/25 MP: 1/1
   900 | D:2      | Reached XP level 3. HP: 28/30 MP: 2/2
  1346 | D:2      | Found a shadowy altar of Dithmenos.
  1389 | D:2      | You fall through a shaft!
  1397 | D:3      | Reached XP level 4. HP: 38/38 MP: 3/3
  1417 | D:2      | Found a snail-covered altar of Cheibriados.
  1750 | D:3      | Reached XP level 5. HP: 46/46 MP: 4/4
  1866 | D:3      | Noticed Sigmund
  1948 | D:3      | Killed Sigmund
  1948 | D:3      | Reached skill level 5 in Axes
  1948 | D:3      | Reached XP level 6. HP: 34/53 MP: 5/5
  2044 | D:3      | Noticed Natasha
  2048 | D:3      | Killed Natasha
  2242 | D:3      | Reached skill level 5 in Dodging
  2639 | D:4      | Found a staircase to the Ecumenical Temple.
  2991 | D:4      | Reached XP level 7. HP: 41/60 MP: 6/6
  3204 | D:4      | Reached skill level 5 in Fighting
  3639 | D:4      | Noticed Ijyb
  3684 | D:3      | Killed Ijyb
  3814 | D:3      | Noticed Natasha
  3826 | D:3      | Killed Natasha
  4548 | D:4      | Killed from afar by an orc priest

Vault maps used:
D:1:      sevenhm_arrival_forest_fort_small_6
D:2:      nicolae_overflow_hidden_temple, grunt_dithmenos_smoke_and_mirrors
D:3:      first_ration, uniq_sigmund, uniq_natasha
D:4:      minmay_temple_entry_butterflies, kennysheep_generic_room_15, uniq_ijyb

Skill      XL: |  1  2  3  4  5  6  7 |
---------------+----------------------+-----
Axes           | 4 5 6 |  6.5
Fighting       | 3 4 5 |  5.9
Dodging        | 4 5 6 |  6.0
Throwing       | 3 4 |  4.9

Action                   |  1- 3 |  4- 6 |  7- 9 || total
-------------------------+-------+-------+-------++-------
Melee: War axe           |    60 |     7 |       ||    67
       Headbutt          |    10 |    18 |    20 ||    48
       Flail             |       |   108 |   104 ||   212
Throw: Throwing net      |       |       |     3 ||     3
       Tomahawk          |       |       |     3 ||     3
  Use: Scroll            |     5 |     4 |     7 ||    16
       Potion            |     1 |     2 |       ||     3
  Eat: Chunk             |     1 |     5 |     1 ||     7
       Ration            |       |       |     1 ||     1
Armor: Leather armour    |     1 |       |       ||     1
       Ring mail         |    21 |    24 |       ||    45
       Scale mail        |       |    23 |    53 ||    76
Dodge: Dodged            |    59 |    82 |    82 ||   223

Table legend:
 A = Spawn XP
 B = Non-spawn XP
 C = Spawn XP percentage of total XP
 D = Spawn monster count
 E = Non-spawn monster count
 F = Spawn count percentage of total count
 G = Total turns spent on level
                    A         B        C        D         E        F      G
               +---------+---------+-------+---------+---------+-------+---------
         Total |       0 |    1387 |   0.0 |       0 |     104 |   0.0 |  4548
               +---------+---------+-------+---------+---------+-------+---------
           D:1 |       0 |      39 |   0.0 |       0 |      15 |   0.0 |   894
           D:2 |       0 |      30 |   0.0 |       0 |      16 |   0.0 |   525
           D:3 |       0 |     706 |   0.0 |       0 |      47 |   0.0 |  1429
           D:4 |       0 |     612 |   0.0 |       0 |      26 |   0.0 |  1700
               +---------+---------+-------+---------+---------+-------+---------
